 Dungeon Crawl Stone Soup version 0.22-a0-284-g99d1f74 (webtiles) character file.

406 vishdafish the Shield-Bearer (level 6, -2/39 HPs)
             Began as a Gargoyle Fighter on Mar 20, 2018.
             Splashed by Ijyb's acid (18 damage)
             ... on level 3 of the Dungeon.
             The game lasted 00:05:04 (2415 turns).

vishdafish the Shield-Bearer (Gargoyle Fighter)     Turns: 2415, Time: 00:05:06

Health: -2/39      AC: 11    Str: 19    XL:     6   Next: 87%
Magic:  7/7        EV:  7    Int: 11    God:
Gold:   111        SH:  8    Dex:  4    Spells: 5/5 levels left

rFire    . . .     SeeInvis .   a - +0 long sword
rCold    . . .     Gourm    .   c - +0 shield
rNeg     + . .     Faith    .   b - +0 scale mail
rPois    ∞         Spirit   .   l - +0 helmet
rElec    +         Reflect  .   (no cloak)
rCorr    .         Harm     .   p - +2 pair of gloves
MR       .....                  (no boots)
Stlth    ..........             (no amulet)
HPRegen  0.13/turn              h - -5 ring of dexterity (curse)
MPRegen  0.10/turn              (no ring)

@: corroded
A: negative energy resistance 1, electricity resistance, unbreathing,
petrification resistance, rot immunity, AC +4
a: no special abilities


You were on level 3 of the Dungeon.
You were not hungry.

You visited 1 branch of the dungeon, and saw 3 of its levels.

You collected 111 gold pieces.

Inventory:

Hand Weapons
 a - a +0 long sword (weapon)
Missiles
 n - a throwing net (quivered)
Armour
 b - a +0 scale mail (worn)
 c - a +0 shield (worn)
 l - a +0 helmet (worn)
 p - a +2 pair of gloves (worn)
Jewellery
 h - a cursed -5 ring of dexterity (left hand)
Wands
 d - a wand of iceblast (10)
 q - a wand of clouds (6)
 r - a wand of random effects (25)
Scrolls
 i - a scroll of teleportation
 j - a scroll of noise
 k - 4 scrolls of enchant weapon
 m - a scroll of fog
 o - a scroll of enchant armour
Potions
 g - a potion of haste
 s - a potion of lignification
Comestibles
 f - 10 rations
 t - a chunk of flesh


   Skills:
 + Level 4.3 Fighting
 + Level 3.4 Long Blades
 + Level 4.3 Armour
 + Level 1.7 Dodging
 - Level 4.4 Shields
 * Level 2.2 Evocations


You had 5 spell levels left.
You didn't know any spells.

Dungeon Overview and Level Annotations

Branches:
Dungeon (3/15)

Altars:
Makhleb
Yredelemnul

Annotations:
D:3 Ijyb


Innate Abilities, Weirdness & Mutations

You are resistant to torment.
Your stone body is resilient. (AC +4)
You are immune to poison.
You resist negative energy. (rN+)
You are resistant to electric shocks. (rElec)
You can survive without breathing.
You are immune to petrification.
You are immune to rotting.


Message History

Here: Ijyb, wielding a dagger and wearing a ring mail The floor.
There is a large open door here.
You block the jackal's attack. The jackal barely misses you.
You riposte.
You closely miss the jackal.
The jackal bites you but does no damage.
There is an open door here.
You block the jackal's attack.
Ijyb drinks a potion.
Ijyb flickers and vanishes!
Deactivating autopickup; reactivate with Ctrl-A.
You slash the jackal!
You kill the jackal!
You hit the goblin.
You kill the goblin!
You hear a zap.
A bolt of acid appears from out of thin air!
The bolt of acid hits you!
Ouch! That really hurt!
The acid corrodes you!
You are splashed with acid!
The acid burns!
You die...

##.≈≈#########..#...#
#(≈≈#..........#...#
#(..'.....)....#.gg#
#...'....))....#...#
#...'..........#...#
##≈≈#..........#...#
#≈≈#########..##''#
##≈≈≈..#...#......#
#≈≈≈.)'...@.(g...#
##≈≈..#...#......#
#################


You could see a goblin.

Vanquished Creatures
  An ice beast (D:3)
  An orc wizard (D:3)
  Natasha (thrice) (D:3)
  3 gnolls (D:2)
  8 adders
  2 oozes
  2 dart slugs
  A leopard gecko (D:2)
  4 orcs (D:3)
  2 ball pythons
  8 bats
  4 giant cockroaches
  13 goblins
  8 hobgoblins
  18 jackals
  7 kobolds
  A frilled lizard (D:2)
  7 rats
93 creatures vanquished.

Notes
Turn   | Place    | Note
-------+----------+-------------------------------------------
     0 | D:1      | vishdafish the Gargoyle Fighter began the quest for the Orb.
     0 | D:1      | Reached XP level 1. HP: 14/14 MP: 1/1
    94 | D:1      | Reached XP level 2. HP: 10/19 MP: 2/2
   319 | D:1      | Reached XP level 3. HP: 20/23 MP: 3/3
   834 | D:2      | Found a basalt altar of Yredelemnul.
   930 | D:2      | Reached XP level 4. HP: 25/29 MP: 4/4
  1275 | D:2      | Reached XP level 5. HP: 24/33 MP: 5/5
  1784 | D:3      | Noticed an ice beast
  1795 | D:3      | Killed an ice beast
  1795 | D:3      | Reached skill level 1 in Dodging
  1795 | D:3      | Reached skill level 1 in Evocations
  1795 | D:3      | Reached XP level 6. HP: 38/38 MP: 5/7
  1964 | D:3      | Noticed Natasha
  1983 | D:3      | Killed Natasha
  2004 | D:3      | Noticed Natasha
  2007 | D:3      | Killed Natasha
  2020 | D:3      | Found a burning altar of Makhleb.
  2084 | D:3      | Noticed Natasha
  2088 | D:3      | Killed Natasha
  2403 | D:3      | Noticed Ijyb
  2415 | D:3      | Splashed by Ijyb's acid

Vault maps used:
D:1:      scummos_arrival_star, grunt_decor_mini_mirrors
D:2:      yredelemnul_altar_generic, first_ration
D:3:      kennysheep_goblin_castle, lemuel_round_altar, uniq_natasha

Skill      XL: |  1  2  3  4  5  6 |
---------------+-------------------+-----
Long Blades    | 2 3 |  3.4
Shields        | 4 |  4.4
Fighting       | 4 |  4.3
Armour         | 4 |  4.3
Dodging        | 1 |  1.7
Evocations     | 1 2 |  2.2

Action                   |  1- 3 |  4- 6 || total
-------------------------+-------+-------++-------
Melee: Long sword        |   112 |   303 ||   415
Throw: Throwing net      |       |     2 ||     2
Evoke: Wand              |       |     2 ||     2
  Use: Scroll            |     3 |     4 ||     7
       Potion            |       |     1 ||     1
 Stab: Held in net/web   |       |     1 ||     1
  Eat: Chunk             |       |     6 ||     6
Armor: Scale mail        |   102 |   226 ||   328
Dodge: Dodged            |    53 |   123 ||   176
Block: Shield            |    95 |   175 ||   270
       Rpst.: Long sword |    16 |    42 ||    58

Table legend:
 A = Spawn XP
 B = Non-spawn XP
 C = Spawn XP percentage of total XP
 D = Spawn monster count
 E = Non-spawn monster count
 F = Spawn count percentage of total count
 G = Total turns spent on level
                    A         B        C        D         E        F      G
               +---------+---------+-------+---------+---------+-------+---------
         Total |       0 |     581 |   0.0 |       0 |      93 |   0.0 |  2415
               +---------+---------+-------+---------+---------+-------+---------
           D:1 |       0 |      46 |   0.0 |       0 |      22 |   0.0 |   834
           D:2 |       0 |     178 |   0.0 |       0 |      34 |   0.0 |   938
           D:3 |       0 |     357 |   0.0 |       0 |      37 |   0.0 |   643
               +---------+---------+-------+---------+---------+-------+---------
